 Dungeon Crawl Stone Soup version 0.30-a0-652-gcc886f7154 (webtiles) character file.

Game seed: 16418531911467542730

203 bande the Trooper (level 5, 0/34 HPs)
             Began as a Gargoyle Fighter on Jan 18, 2023.
             Slain by Terence
             ... wielding a +0 flail
              (5 damage)
             ... on level 2 of the Dungeon.
             The game lasted 00:01:51 (1267 turns).

bande the Trooper (Gargoyle Fighter)                Turns: 1267, Time: 00:01:51

Health: 0/34       AC: 11    Str: 20    XL:     5   Next: 81%
Magic:  5/5        EV: 14    Int:  8    God:
Gold:   67         SH:  4    Dex: 11    Spells: 4/4 levels left

rFire   . . .      SeeInvis .    a - +0 war axe
rCold   . . .      Faith    .    c - +0 buckler
rNeg    + . .      Spirit   .    b - +0 scale mail
rPois   ∞          Reflect  .    (no helmet)
rElec   +          Harm     .    (no cloak)
rCorr   .          Rampage  .    (no gloves)
Will    .....                    (no boots) Stlth
                                 (no amulet)
HPRegen 0.25/turn                l - +5 ring of evasion
MPRegen 0.09/turn                (no ring)

@: no status effects
A: sickness immunity, AC +4, negative energy resistance 1, electricity
resistance, torment resistance 1, petrification resistance
a: no special abilities


You were on level 2 of the Dungeon.
You visited 1 branch of the dungeon, and saw 2 of its levels.

You collected 67 gold pieces.

Inventory:

Hand Weapons
 a - a +0 war axe (weapon)
Armour
 b - a +0 scale mail (worn)
 c - a +0 buckler (worn)
Jewellery
 l - a +5 ring of evasion (left hand)
Scrolls
 f - a scroll of acquirement {unknown}
 g - a scroll of fear {unknown}
 i - a scroll of poison {unknown}
 j - a scroll of enchant armour {unknown}
 m - a scroll of silence {unknown}
 n - a scroll of identify {unknown}
Potions
 d - a potion of might
 e - a potion of degeneration {unknown}
 h - a potion of curing {unknown}
 k - a potion of resistance {unknown}


   Skills:
 + Level 4.4 Fighting
 + Level 3.6 Axes
 + Level 4.2 Armour
 + Level 4.0 Shields


You had 4 spell levels left.
You didn't know any spells.
Your spell library was empty.

Dungeon Overview and Level Annotations

Branches:
Dungeon (2/15)

Altars:

Shops:
D:1 (

Annotations:
D:2 Terence


Innate Abilities, Weirdness & Mutations

You are immune to sickness and miasma.
Your stone body is resilient. (AC +4)
You are immune to poison.
You resist negative energy. (rN+)
You are resistant to electric shocks. (rElec)
You are resistant to unholy torment.
You are immune to petrification.


Message History

Terence hits you but does no damage. You block Terence's attack.
You hit Terence but do no damage.
Terence is lightly wounded.
Terence barely misses you. Terence closely misses you.
You closely miss Terence.
Terence is lightly wounded.
Terence hits you but does no damage.
You barely miss Terence.
Terence is lightly wounded.
Terence barely misses you. x2
You slash Terence!
Terence is severely wounded.
Terence barely misses you. Terence shouts, "Now you die!"
Terence hits you with a +0 flail.
You hit Terence.
Terence is severely wounded.
Terence bares his teeth.
Terence misses you. x2
You hit Terence but do no damage.
Terence is severely wounded.
Terence barely misses you. You block Terence's attack.
You closely miss Terence.
Terence is severely wounded.
You block Terence's attack. Terence barely misses you.
You hit Terence.
Terence is almost dead.
Terence closely misses you. Terence misses you.
You hit Terence but do no damage.
Terence is almost dead.
Terence hits you with a +0 flail.
* * * LOW HITPOINT WARNING * * *
Terence asks, "Do you want it fast or slow?"
You block Terence's attack.
You closely miss Terence.
Terence is almost dead.
Terence hits you with a +0 flail.
* * * LOW HITPOINT WARNING * * *
Terence misses you. Terence hits you with a +0 flail.
You die...

....... ........).....
####### #..
#######.#.###. # #..
#.#.###. # #.. #.#.....
P# #.. #...#### ≈# #..
##..# ≈≈ #..### #..#
≈≈≈ #..@.####### #..#
.... #.@.......# #..#
###.#####.# #..# #.#
#.# #..# ..>####.###
#.###..####
..........###.##.......
.....##.#..........####
.... #.#########..# ...
#.# #..# #. ... ...#


You could see Terence (fast).

Vanquished Creatures
  Sigmund (D:2)
  An adder (D:2)
  2 dart slugs
  5 ball pythons
  2 endoplasms (D:1)
  5 giant cockroaches
  A goblin (D:1)
  4 hobgoblins
  3 kobolds
  5 bats
  2 frilled lizards
  2 rats (D:1)
33 creatures vanquished.

Notes
Turn   | Place    | Note
-------+----------+-------------------------------------------
     0 | D:1      | bande the Gargoyle Fighter began the quest for the Orb.
     0 | D:1      | Reached XP level 1. HP: 14/14 MP: 1/1
   190 | D:1      | Reached XP level 2. HP: 19/19 MP: 2/2
   215 | D:1      | Found a faded altar of an unknown god.
   502 | D:1      | Reached XP level 3. HP: 24/24 MP: 3/3
   766 | D:1      | Found Henamm's Antique Weapon Emporium.
   950 | D:2      | Noticed Sigmund
   969 | D:2      | Killed Sigmund
   970 | D:2      | Reached XP level 4. HP: 26/30 MP: 4/4
   970 | D:2      | Reached XP level 5. HP: 30/34 MP: 5/5
  1239 | D:2      | Noticed Terence
  1267 | D:2      | Slain by Terence

Illustrated notes

Levels and vault maps discovered:
D:1:      roderic_chinese_lattice_arrival, layout_loops_corners, serial_shops,
          nicolae_diamond_shop, dreamdust_ecumenical_altar_grove,
          serial_bayou_ford_a, serial_bayou_pond_d, kennysheep_pointless_box
D:2:      layout_loops_ring, dreamdust_princess_bridge,
          amcnicky_mini_corridor_feature, uniq_sigmund, uniq_terence, uniq_robin

Skill      XL: |  1  2  3  4  5 |
---------------+----------------+-----
Axes           | 2 3 |  3.6
Fighting       | 4 |  4.4
Armour         | 4 |  4.2
Shields        | 4 |  4.0

Action                   |  1- 3 |  4- 6 || total
-------------------------+-------+-------++-------
Melee: War axe           |    70 |    58 ||   128
Armor: Scale mail        |    33 |    14 ||    47
Dodge: Dodged            |    41 |    53 ||    94
Block: Buckler           |    10 |    16 ||    26

Table legend: (Time is in decaauts)
 A = Elapsed time spent in this place.
 B = Non-inter-level travel time spent in this place.
 C = Inter-level travel time spent in this place.
 D = Time resting spent in this place.
 E = Time spent auto-exploring this place.
 F = Levels seen in this place.
 G = Mean time per level.
                   A        B        C        D        E       F      G
               +--------+--------+--------+--------+--------+-----+--------+
         Total |   1331 |   1331 |      0 |     16 |    966 |   2 |  665.5 |
       Dungeon |   1331 |   1331 |      0 |     16 |    966 |   2 |  665.5 |
               +--------+--------+--------+--------+--------+-----+--------+

Top non-repeatable levels by time:
     D:1: 982 daAuts
     D:2: 348 daAuts
